Map: [ESL] Data-C

Players

Rex

  • Race: Zerg Zerg
  • Spawn Location: 3:00

Nice - Winner!

  • Race: Protoss Protoss
  • Spawn Location: 9:00

Event: DreamHack SC2 Masters 2022 Atlanta (Online)

VOD

Have the link to the VOD?

Description

Time

  • Played on: Sept. 30, 2022, 7:43 a.m.
  • Length: 17:32

All games in this series

Show
View Real Time Build Order
Export as new Build Order

Rex Zerg 

Build Orders: Hatch First 

Get SALT Encoding   

  12  0:00  Drone  
  13  0:12  Overlord  
  13  0:18  Drone  
  14  0:31  Drone x2  
  16  0:49  Hatchery  
  15  0:51  Drone  
  15  0:55  Drone  
  17  0:58  Drone  
  18  1:09  Extractor  
  17  1:14  Spawning Pool  
  17  1:17  Drone  
  17  1:20  Drone  
  18  1:28  Drone  
  19  1:38  Drone  
  20  1:48  Overlord  
  20  2:00  Queen  
  22  2:02  Queen  
  22  2:03  Zergling x4  
  26  2:11  Metabolic Boost  
  26  2:13  Drone x2  
  28  2:21  Drone  
  29  2:23  Drone  
  30  2:37  Hatchery  
  29  2:44  Drone x2  
  29  2:48  Queen  
  33  2:53  Overlord  
  33  2:57  Drone  
  33  2:58  Drone  
  35  3:00  Drone  
  36  3:12  Drone x5  
  40  3:17  Queen  
  42  3:22  Spore Crawler  
  41  3:27  Queen  
  41  3:29  Drone  
  41  3:33  Overlord  
  44  3:39  Overlord  
  44  3:49  Overlord  
  44  3:50  Queen, Overlord  
  44  3:53  Drone  
  47  3:58  Queen  
  47  4:02  Drone x2  
  51  4:09  Spore Crawler  
  50  4:14  Drone x2  
  50  4:15  Drone  
  53  4:18  Evolution Chamber  
  53  4:19  Drone  
  53  4:22  Drone  
  53  4:23  Drone  
  53  4:24  Drone  
  56  4:26  Drone  
  58  4:31  Drone x3  
  58  4:33  Drone  
  58  4:36  Drone x2  
  63  4:44  Drone  
  63  4:45  Drone x4  
  67  4:48  Zerg Melee Weapons Level 1  
  67  4:51  Spore Crawler  
  66  4:56  Baneling Nest  
  65  5:03  Drone x7  
  71  5:07  Overlord  
  71  5:08  Overlord  
  72  5:14  Zergling x10  
  72  5:15  Zergling x2  
  77  5:24  Overlord  
  77  5:28  Zergling x6  
  80  5:29  Hatchery  
  80  5:32  Overlord  
  79  5:36  Lair, Drone x2  
  79  5:37  Drone  
  79  5:39  Extractor  
  79  5:40  Extractor  
  79  5:41  Drone x3  
  83  5:43  Drone  
  83  5:46  Drone  
  83  5:47  Drone x2  
  87  5:50  Drone x2  
  87  5:51  Drone x2  
  87  5:52  Drone x2  
  87  5:55  Extractor x2  
  87  5:56  Drone  
  92  6:00  Roach Warren  
  90  6:04  Zergling x6  
  92  6:13  Zergling x16  
  100  6:23  Zergling x8  
  100  6:24  Baneling x4  
  100  6:25  Baneling x2  
  104  6:29  Overlord  
  103  6:35  Overlord  
  103  6:36  Overlord x2  
  103  6:45  Glial Reconstitution  
  103  6:46  Roach x8  
  103  6:47  Overlord x3  
  118  6:51  Roach  
  120  6:55  Roach x2  
  120  6:56  Roach  
  120  6:58  Zerg Melee Weapons Level 2  
  120  7:00  Roach  
  128  7:03  Roach  
  128  7:04  Roach  
  128  7:06  Drone  
  133  7:12  Drone x4  
  133  7:15  Drone x4  
  139  7:18  Drone  
  139  7:20  Drone x4  
  139  7:22  Overseer, Centrifugal Hooks  
  143  7:24  Overlord  
  143  7:27  Roach  
  143  7:28  Spore Crawler, Roach  
  146  7:31  Extractor  
  146  7:32  Roach x2  
  146  7:36  Roach x2  
  153  7:38  Roach  
  153  7:39  Roach  
  153  7:40  Ravager  
  153  7:43  Roach x3  
  164  7:47  Roach  
  164  7:48  Roach  
  164  7:50  Roach x2  
  164  7:55  Overlord  
  164  7:56  Zergling x12  
  167  8:02  Zergling x12  
  167  8:04  Ravager  
  174  8:12  Overlord  
  174  8:13  Overlord  
  174  8:15  Zergling x12  
  174  8:17  Overlord  
  180  8:20  Zergling x4  
  180  8:21  Ravager x4  
  186  8:27  Extractor  
  186  8:30  Zergling x8  
  189  8:39  Zergling x12  
  190  8:45  Baneling x3  
  190  8:46  Baneling x14  
  189  8:53  Zergling x16  
  196  8:59  Zergling x2  
  196  9:05  Zergling x2  
  196  9:06  Zergling x4  
  199  9:13  Baneling x18  
  199  9:20  Zerg Missile Weapons Level 1  
  199  9:27  Zergling x2  
  192  9:48  Zergling x2, Drone, Hatchery  
  192  9:49  Zergling x38  
  192  9:51  Zergling x2  
  182  9:56  Zergling x2  
  175  10:00  Zergling x2, Drone  
  175  10:03  Roach  
  175  10:06  Roach x2  
  151  10:08  Roach  
  151  10:10  Drone  
  151  10:11  Zergling x4  
  151  10:12  Zergling x2  
  136  10:18  Roach  
  113  10:21  Roach  
  113  10:22  Roach  
  113  10:23  Roach  
  105  10:29  Zergling x2  
  105  10:32  Roach  
  105  10:34  Roach x2  
  110  10:37  Roach x3  
  110  10:38  Ravager x3  
  119  10:43  Zergling x6, Drone  
  119  10:46  Hatchery  
  119  10:47  Baneling x8  
  122  10:54  Roach x4  
  130  10:58  Infestation Pit  
  130  11:01  Zergling x2  
  130  11:05  Zergling x2, Drone  
  130  11:06  Zergling x2, Drone  
  130  11:10  Zergling x6  
  137  11:11  Zergling x8  
  137  11:12  Zergling x2, Drone  
  137  11:13  Zergling x2  
  144  11:18  Zergling x6  
  144  11:20  Zergling x8  
  151  11:26  Zergling x2, Drone  
  151  11:28  Zergling x2, Drone  
  151  11:31  Zergling x2  
  152  11:34  Zergling x2  
  152  11:37  Zerg Missile Weapons Level 2  
  152  11:38  Zergling x2, Drone, Hive  
  155  11:42  Zergling x24  
  166  11:49  Zergling x12  
  169  12:01  Zergling x12, Roach x6  
  169  12:02  Zergling x2  
  169  12:08  Zergling x10  
  174  12:12  Roach x6  
  174  12:13  Zergling x6  
  174  12:14  Baneling  
  174  12:15  Baneling x29  
  181  12:18  Ravager x6  
  181  12:19  Zergling x14  
  168  12:24  Zergling x2  
  168  12:29  Zergling x2, Drone  
  171  12:32  Zergling x6  
  167  12:47  Zergling x2, Roach  
  167  12:48  Zergling x16, Roach x3  
  149  12:55  Spire  
  149  12:56  Zergling x2, Drone, Ultralisk Cavern  
  149  12:57  Zergling x20  
  153  13:00  Baneling x5  
  153  13:02  Baneling x12  
  153  13:07  Zergling x22  
  153  13:08  Zergling x6  
  153  13:10  Queen x2  
  153  13:11  Queen x2, Extractor  
  174  13:14  Zergling x2  
  174  13:15  Zergling x6  
  174  13:19  Queen  
  180  13:24  Queen  
  181  13:46  Queen  
  175  13:51  Zergling x22  
  175  13:52  Zergling x26  
  184  14:02  Zergling x14  
  185  14:05  Pathogen Glands  
  180  14:21  Overseer  
  164  14:35  Corruptor x9  
  136  14:47  Infestor x3  
  134  14:55  Infestor x3  
  136  15:01  Infestor  
  138  15:07  Infestor  
  138  15:11  Baneling x5  
  140  15:15  Overseer  
  140  15:18  Evolution Chamber  
  142  15:21  Zergling x2, Drone  
  142  15:23  Zergling x2  
  142  15:24  Zergling x16  
  149  15:35  Viper  
  149  15:36  Viper  
  149  15:42  Drone x2  
  157  15:45  Spore Crawler x3  
  136  16:13  Hatchery  
  136  16:17  Ultralisk  
  140  16:26  Drone x2  
  140  16:32  Ultralisk  
  147  16:48  Ultralisk  
Show
View Real Time Build Order
Export as new Build Order

Nice Protoss - Winner!

Build Orders: 1 Gate Expand, Oracle Opening, Carriers, Zealot Archon 

Get SALT Encoding   

  12  0:02  Probe  
  13  0:14  Probe  
  14  0:21  Pylon  
  14  0:26  Probe  
  15  0:39  Probe (Chrono Boost)  
  15  0:42  Gateway  
  17  0:51  Probe (Chrono Boost), Assimilator  
  17  0:56  Probe (Chrono Boost)  
  18  1:05  Probe  
  19  1:18  Probe  
  20  1:32  Nexus  
  20  1:39  Cybernetics Core  
  20  1:45  Assimilator  
  20  1:47  Probe  
  21  1:55  Pylon  
  21  1:59  Probe  
  22  2:09  Probe  
  22  2:12  Adept (Chrono Boost)  
  25  2:17  Probe  
  26  2:25  Stargate  
  26  2:26  Probe  
  27  2:34  Warp Gate  
  27  2:40  Probe (Chrono Boost)  
  27  2:41  Stalker  
  30  2:45  Probe (Chrono Boost)  
  32  2:54  Probe x2 (Chrono Boost)  
  33  3:00  Probe  
  33  3:02  Probe  
  35  3:07  Oracle (Chrono Boost)  
  38  3:14  Probe x2  
  38  3:15  Gateway  
  40  3:22  Pylon  
  40  3:26  Probe x2  
  42  3:36  Oracle (Chrono Boost)  
  42  3:38  Probe  
  42  3:40  Probe  
  47  3:54  Nexus, Probe  
  48  3:56  Pylon  
  48  3:57  Probe  
  49  4:06  Forge, Probe  
  49  4:09  Probe  
  51  4:12  Twilight Council  
  51  4:19  Probe  
  51  4:22  Assimilator  
  51  4:23  Assimilator  
  52  4:26  Probe  
  52  4:27  Robotics Facility  
  52  4:30  Pylon  
  53  4:34  Probe  
  54  4:38  Probe  
  54  4:40  Protoss Ground Weapons Level 1  
  55  4:46  Probe  
  55  4:50  Charge, Pylon  
  55  4:52  Shield Battery, Probe  
  57  4:57  Gateway  
  57  4:58  Probe  
  58  5:04  Gateway  
  58  5:07  Probe  
  58  5:11  Templar Archives  
  58  5:12  Probe  
  58  5:13  Probe  
  61  5:17  Warp Prism (Chrono Boost)  
  63  5:23  Probe  
  63  5:25  Probe  
  63  5:28  Gateway  
  65  5:29  Probe  
  65  5:35  Probe  
  67  5:36  Gateway  
  67  5:37  Probe, Gateway  
  67  5:42  Gateway  
  68  5:48  Gateway  
  68  5:50  Probe  
  68  5:52  Zealot  
  68  5:56  Probe  
  72  6:00  Zealot x3  
  78  6:10  Probe x2 (Chrono Boost)  
  78  6:11  Probe (Chrono Boost), Assimilator  
  81  6:13  Assimilator  
  81  6:20  High Templar x3  
  81  6:21  Probe x3 (Chrono Boost), High Templar  
  92  6:25  Probe (Chrono Boost)  
  92  6:27  Archon  
  92  6:28  Robotics Bay  
  92  6:32  Archon  
  93  6:38  Pylon  
  93  6:40  Nexus  
  93  6:42  Pylon  
  93  6:45  Protoss Ground Weapons Level 2 (Chrono Boost)  
  93  6:48  Photon Cannon  
  93  6:50  Pylon  
  93  6:55  Pylon  
  93  6:56  Observer (Chrono Boost), Probe x3  
  93  6:58  Shield Battery  
  97  7:08  Immortal (Chrono Boost), Probe x3  
  100  7:12  High Templar x2  
  108  7:16  Pylon  
  108  7:19  Zealot x4  
  108  7:20  Probe x2  
  108  7:22  Archon, Probe  
  119  7:32  Probe x2  
  119  7:34  Probe, Pylon  
  119  7:35  Pylon  
  122  7:38  Shield Battery  
  122  7:44  Probe  
  122  7:45  Zealot x3  
  122  7:47  Disruptor (Chrono Boost)  
  122  7:48  Zealot  
  132  7:54  Shield Battery, Blink  
  132  7:57  Shield Battery  
  132  7:58  Photon Cannon  
  132  8:04  Probe x3  
  135  8:07  Assimilator  
  135  8:09  Shield Battery, Photon Cannon, Assimilator  
  135  8:11  Pylon  
  135  8:14  Pylon  
  135  8:19  Disruptor (Chrono Boost)  
  138  8:20  High Templar  
  138  8:21  High Templar x3  
  138  8:24  Photon Cannon  
  138  8:25  Shield Battery, Archon  
  138  8:26  Pylon  
  146  8:27  Archon  
  146  8:40  Gateway  
  146  8:43  Gateway, Photon Cannon  
  146  8:45  Disruptor (Chrono Boost), Photon Cannon  
  146  8:46  Shield Battery  
  140  8:54  High Templar x2  
  147  8:56  Protoss Ground Weapons Level 3 (Chrono Boost)  
  147  8:59  Shield Battery, Archon  
  147  9:00  Pylon  
  147  9:08  Gravitic Drive (Chrono Boost)  
  147  9:14  Disruptor  
  150  9:26  Stalker  
  150  9:27  Stalker x4, Fleet Beacon  
  150  9:28  Zealot x3, Pylon  
  150  9:29  Pylon  
  166  9:35  Pylon  
  166  9:39  Pylon  
  153  9:55  Disruptor  
  142  10:04  Zealot x9  
  142  10:09  Mothership (Chrono Boost)  
  120  10:26  Zealot  
  120  10:27  Zealot x8  
  127  10:30  Disruptor (Chrono Boost)  
  127  10:34  Stargate x2  
  136  10:53  High Templar x2  
  136  10:54  High Templar x2  
  136  10:56  Gateway  
  144  10:58  Archon  
  144  10:59  Carrier (Chrono Boost), Archon  
  144  11:00  Photon Cannon  
  144  11:02  Shield Battery  
  150  11:11  Zealot x5  
  150  11:14  Disruptor (Chrono Boost)  
  162  11:32  Zealot x9  
  166  11:40  Carrier (Chrono Boost)  
  172  11:48  Carrier (Chrono Boost)  
  172  11:54  Protoss Air Weapons Level 1 (Chrono Boost)  
  172  11:57  Carrier (Chrono Boost)  
  151  12:23  High Templar  
  151  12:24  Stalker x3, High Templar  
  151  12:25  Stalker x2  
  151  12:26  Zealot x2  
  151  12:27  Carrier  
  151  12:28  Archon  
  169  12:35  Observer (Chrono Boost)  
  170  12:42  Nexus  
  174  12:44  Pylon  
  174  12:46  Pylon  
  174  12:49  Assimilator  
  174  12:50  Stalker x5  
  174  12:51  Stalker  
  166  12:54  Assimilator  
  166  13:01  Protoss Ground Armor Level 1 (Chrono Boost)  
  169  13:08  Observer (Chrono Boost)  
  169  13:10  Gravitic Boosters  
  167  13:15  Photon Cannon  
  167  13:17  Photon Cannon  
  167  13:18  Shield Battery  
  167  13:25  Observer  
  168  13:30  Probe x3  
  168  13:31  Probe  
  172  13:34  High Templar x4  
  172  13:38  Archon  
  172  13:39  Archon  
  172  13:48  High Templar x2  
  172  13:49  Zealot x3  
  172  13:53  Archon  
  166  14:08  Probe x2  
  166  14:09  Probe x2  
  170  14:11  Zealot x5, High Templar x2  
  170  14:15  Archon  
  173  14:23  Carrier (Chrono Boost)  
  173  14:24  Carrier (Chrono Boost), Zealot x2  
  149  14:40  Probe  
  149  14:41  Disruptor, Probe x2  
  152  14:48  High Templar x2  
  153  14:52  Probe  
  153  14:53  Archon, Probe x2  
  156  15:00  Nexus  
  156  15:05  Probe x3  
  159  15:13  High Templar  
  159  15:14  Zealot, High Templar  
  163  15:17  Archon, Probe x2  
  167  15:28  High Templar x2  
  167  15:29  Probe x3  
  164  15:36  Archon  
  164  15:52  Disruptor (Chrono Boost)  
  167  15:59  High Templar  
  167  16:00  Zealot x5, High Templar  
  181  16:12  Archon  
  181  16:14  Probe x2  
  181  16:18  Shield Battery  
  181  16:19  Zealot  
  183  16:30  High Templar x2, Pylon  
  183  16:31  Stalker x3  
  191  16:36  Archon  
  191  16:37  Photon Cannon  
  191  16:45  Zealot x3  
  191  16:46  Zealot  
  191  17:22  Stalker x4  
  189  17:23  Stalker x2  
Tags
 
Add a new tag
Caveats
  • Supply blocks, unpowered buildings, or Contaminate may cause inaccurate times.
  • Supply counts are checked every 10 seconds.